 Dungeon Crawl Stone Soup version 0.23-a0-635-g88ca12a (webtiles) character file.

9647 galech the Cleaver (level 11, -1/85 HPs)
             Began as a Demonspawn Fighter on Dec 27, 2018.
             Was an Elder of Okawaru.
             Slain by an ettin
             ... wielding a +0 dire flail
              (11 damage)
             ... on level 2 of the Orcish Mines.
             The game lasted 00:14:37 (11763 turns).

galech the Cleaver (Demonspawn Fighter)            Turns: 11763, Time: 00:14:38

Health: -1/85      AC: 21    Str: 16    XL:     11   Next: 25%
Magic:  9/11       EV:  6    Int: 11    God:    Okawaru [****..]
Gold:   1101       SH: 18    Dex: 15    Spells: 10/10 levels left

rFire    x . .     SeeInvis .   a - +0 war axe
rCold    + + .     Gourm    .   y - +0 large shield
rNeg     . . .     Faith    .   p - +0 plate armour
rPois    .         Spirit   .   F - +0 helmet
rElec    .         Reflect  .   n - +0 cloak
rCorr    .         Harm     .   (no gloves)
MR       .....                  q - +0 pair of boots
Stlth    ..........             G - amulet of rage
HPRegen  0.24/turn              B - ring of ice
MPRegen  0.12/turn              k - +5 ring of slaying

@: heroism
A: iridescent scales 1, cold resistance 1, spiny 1
a: Heroism, Renounce Religion, Evoke Berserk Rage


You were on level 2 of the Orcish Mines.
You worshipped Okawaru.
Okawaru was greatly pleased with you.
You were hungry.

You visited 3 branches of the dungeon, and saw 13 of its levels.
You also visited: Sewer.

You collected 1101 gold pieces.

Inventory:

Hand Weapons
 a - a +0 war axe (weapon)
 K - a +0 falchion of flaming
Armour
 n - a +0 cloak (worn)
 p - a +0 plate armour (worn)
 q - a +0 pair of boots (worn)
 y - a +0 large shield (worn)
 F - a +0 helmet (worn)
 H - a +2 scale mail of cold resistance
Jewellery
 k - a +5 ring of slaying (right hand)
 B - a ring of ice (left hand)
 G - an amulet of rage (around neck)
Wands
 C - a wand of iceblast (10)
Scrolls
 h - 7 scrolls of identify
 j - a scroll of enchant armour
 l - 3 scrolls of teleportation
 o - 3 scrolls of blinking
 t - 2 scrolls of fog
 w - 2 scrolls of magic mapping
 x - 4 scrolls of remove curse
 z - a scroll of noise
 D - a scroll of brand weapon {unknown}
 E - 2 scrolls of amnesia {unknown}
 I - a scroll of immolation {unknown}
Potions
 b - 3 potions of lignification {unknown}
 d - 6 potions of might
 e - 3 potions of berserk rage {unknown}
 g - a potion of degeneration {unknown}
 i - 2 potions of mutation {unknown}
 m - 4 potions of flight {unknown}
 r - 10 potions of curing {unknown}
 s - 4 potions of cancellation {unknown}
 u - a potion of brilliance {unknown}
 v - a potion of magic {unknown}
 A - 4 potions of heal wounds {unknown}
Miscellaneous
 J - a sack of spiders
Comestibles
 f - 39 rations


   Skills:
 + Level 7.7(12.7) Fighting
 + Level 0.2(5.2) Long Blades
 + Level 11.0(16.0) Axes
 + Level 6.7(11.7) Armour
 + Level 2.6(7.6) Dodging
 + Level 2.1(7.1) Stealth
 + Level 7.8(12.8) Shields
 + Level 0.6 Invocations


You had 10 spell levels left.
You didn't know any spells.
Your spell library contained the following spells:

 Spells                   Type           Power        Failure   Level  Hunger
 Flame Tongue             Conj/Fire      #....        100%        1    ##.....
 Magic Dart               Conj           #...         100%        1    ##.....
 Blink                    Tloc           N/A          100%        2    ###....
 Call Imp                 Summ           #.......     100%        2    ###....
 Slow                     Hex            #.......     100%        2    ###....
 Throw Flame              Conj/Fire      #.....       100%        2    ###....
 Conjure Flame            Conj/Fire      #.......     100%        3    ####...
 Inner Flame              Hex/Fire       #.......     100%        3    ####...
 Mephitic Cloud           Conj/Pois/Air  #.......     100%        3    ####...
 Sticky Flame             Conj/Fire      #.......     100%        4    #####..
 Fireball                 Conj/Fire      #.........   100%        5    ######.


Dungeon Overview and Level Annotations

Branches:
Dungeon (10/15)            Temple (1/1) D:5            Lair (0/6) D:10
    Orc (2/2) D:10
    Elf: Orc:2

Altars:
Cheibriados
Dithmenos
Elyvilon
Fedhas
Gozag
Hepliaklqana
Kikubaaqudgha
Makhleb
Okawaru
Qazlal
Ru
Sif Muna
Trog
Vehumet
Wu Jian
Xom
Yredelemnul
Zin
The Shining One

Shops:
Orc:1 }(


Innate Abilities, Weirdness & Mutations

You are partially covered in iridescent scales. (AC +2)
Your flesh is cold resistant. (rC+)
You are partially covered in sharp spines.


Message History

You are too injured to fight recklessly!
You are too injured to fight recklessly!
You are too injured to fight recklessly!
You are too injured to fight recklessly!
You are too injured to fight recklessly!
You are too injured to fight recklessly!
You are too injured to fight recklessly!
You are too injured to fight recklessly!
You are too injured to fight recklessly!
You are too injured to fight recklessly!
You are too injured to fight recklessly!
You are too injured to fight recklessly!
You gain the combat prowess of a mighty hero.
You can no longer speed up your combat.
Okawaru will no longer gift you equipment.
The ettin is struck by your spines.
The ettin hits you with a +0 dire flail!!
* * * LOW HITPOINT WARNING * * *
The ettin hits you with a +2 dire flail of holy wrath!
You die...

##.............#
###...#........## ##
.....##.........### ...
................#.###...
...................#...#
...............##.#....#
...............#.#.....#
.........#........#
................@#.....#
...^...........hC##..h..
.....#.................#
.................##....#
................... ...#
.................... ..#
....................
.##................
......<.......


You could see an ettin and a warg.

Vanquished Creatures
  2 hydras
  2 trolls
  A queen bee (D:10)
  2 dream sheep (D:10)
  A wraith (D:8)
  2 yaks (D:10)
  Menkaure (D:7)
  A warg (Orc:1)
  A water moccasin (D:10)
  5 orc warriors
  A phantom (D:5)
  3 sky beasts
  3 black bears
  A necrophage (D:4)
  4 ice beasts
  12 ogres
  3 centaurs
  8 big kobolds
  4 bullfrogs
  4 gnoll sergeants (D:10)
  2 scorpions
  A water moccasin skeleton (D:4)
  24 killer bees (D:10)
  7 wights
  A howler monkey (D:4)
  A centaur zombie (D:5)
  2 bullfrog zombies (D:6)
  2 crimson imps
  A hound (D:9)
  2 jellies
  An orc priest (D:6)
  A centaur skeleton (D:8)
  3 orc wizards
  3 iguanas
  6 worker ants
  A hound skeleton (D:10)
  A howler monkey skeleton (D:9)
  3 worker ant zombies
  10 gnolls
  7 river rats
  12 adders
  A shadow imp (D:6)
  3 oozes
  An adder zombie (D:6)
  5 worms
  2 dart slugs
  3 leopard geckos
  19 orcs
  3 giant cockroaches
  7 goblins
  10 hobgoblins
  21 jackals
  20 kobolds
  8 quokkas
  9 ball pythons
  7 bats
  7 frilled lizards
  A giant cockroach zombie (D:6)
  A jackal skeleton (D:5)
  A leopard gecko zombie (D:6)
  A quokka zombie (D:7)
  32 rats
314 creatures vanquished.

Notes
Turn   | Place    | Note
-------+----------+-------------------------------------------
     0 | D:1      | galech the Demonspawn Fighter began the quest for the Orb.
     0 | D:1      | Reached XP level 1. HP: 18/18 MP: 1/1
   325 | D:1      | Gained mutation: You are partially covered in iridescent
                  | scales. (AC +2) [demonic ancestry]
   325 | D:1      | Reached XP level 2. HP: 24/24 MP: 2/2
   357 | D:1      | Reached skill level 2 in Axes
   816 | D:1      | Reached XP level 3. HP: 27/29 MP: 3/3
  1480 | D:2      | Reached XP level 4. HP: 32/35 MP: 4/4
  2087 | D:3      | Found a burning altar of Makhleb.
  2237 | D:3      | Reached skill level 3 in Axes
  2671 | D:4      | Reached XP level 5. HP: 38/42 MP: 5/5
  2707 | D:4      | Noticed a necrophage
  2719 | D:4      | Killed a necrophage
  2770 | D:4      | Found an ornate altar of the Wu Jian Council.
  2778 | D:4      | Noticed an ogre
  2782 | D:4      | Killed an ogre
  2782 | D:4      | Reached skill level 4 in Axes
  2782 | D:4      | Reached XP level 6. HP: 21/48 MP: 6/6
  3269 | D:4      | Gained mutation: Your flesh is cold resistant. (rC+)
                  | [demonic ancestry]
  3269 | D:4      | Reached XP level 7. HP: 55/55 MP: 7/7
  3578 | D:5      | Entered Level 5 of the Dungeon
  3606 | D:5      | Reached skill level 1 in Dodging
  3633 | D:5      | Reached skill level 5 in Axes
  3636 | D:5      | Reached skill level 1 in Stealth
  3653 | D:5      | Found a white marble altar of Elyvilon.
  3974 | D:5      | Reached skill level 5 in Fighting
  4012 | D:5      | Found a glowing drain.
  4020 | Sewer    | Entered a sewer
  4174 | Sewer    | Gained mutation: You are partially covered in sharp spines.
                  | [demonic ancestry]
  4174 | Sewer    | Reached XP level 8. HP: 57/62 MP: 8/8
  4365 | Sewer    | Reached skill level 6 in Axes
  4758 | D:5      | Found a staircase to the Ecumenical Temple.
  4790 | Temple   | Entered the Ecumenical Temple
  4897 | Temple   | Became a worshipper of Warmaster Okawaru
  5486 | D:6      | Reached skill level 5 in Shields
  5568 | D:6      | Reached * piety under Okawaru
  5568 | D:6      | Reached skill level 7 in Axes
  5927 | D:6      | Noticed an eight-headed hydra
  5960 | D:7      | Noticed Menkaure
  5967 | D:7      | Killed Menkaure
  6200 | D:7      | Reached XP level 9. HP: 53/68 MP: 9/9
  6501 | D:7      | Found a sacrificial altar of Ru.
  6760 | D:8      | Reached skill level 8 in Axes
  6892 | D:8      | Found a blossoming altar of Fedhas.
  6923 | D:8      | Reached skill level 5 in Armour
  7145 | D:8      | Reached ** piety under Okawaru
  8002 | D:10     | Entered Level 10 of the Dungeon
  8070 | D:10     | Reached *** piety under Okawaru
  8074 | D:10     | Reached XP level 10. HP: 69/77 MP: 10/10
  8184 | D:10     | Found a staircase to the Orcish Mines.
  8199 | D:10     | Reached skill level 9 in Axes
  8701 | D:10     | Noticed a three-headed hydra
  8705 | D:10     | Killed a one-headed hydra
  8705 | D:10     | Reached **** piety under Okawaru
  8705 | D:10     | Reached skill level 10 in Axes
  8941 | D:10     | Found a staircase to the Lair.
  9511 | D:10     | Reached XP level 11. HP: 68/84 MP: 11/11
  9512 | D:10     | Reached ***** piety under Okawaru
  9784 | D:6      | Killed a one-headed hydra
 10246 | D:6      | You fall through a shaft for 2 floors!
 10733 | Orc:1    | Entered Level 1 of the Orcish Mines
 10741 | Orc:1    | Found Filles's Gadget Emporium.
 10773 | Orc:2    | Entered Level 2 of the Orcish Mines
 10799 | Orc:1    | Found a dark tunnel.
 10857 | Orc:1    | Found Ciatuitz's Antique Weapon Boutique.
 11756 | Orc:2    | Noticed an ettin
 11761 | Orc:2    | Reached skill level 11 in Axes
 11763 | Orc:2    | Slain by an ettin

Vault maps used:
D:1:      tarquinn_simple_flora_water_f, solitary_fountain
D:3:      bloody_makhleb, minmay_bisected
D:4:      overflow_temple_1_default
D:5:      minmay_evil_eye, minmay_temple_entry_butterflies,
          lightli_sewer_entry_pipes, first_ration, basic_altar
D:6:      cheibrodos_barr_body
D:7:      nicolae_ru_great_annihilating_truth, uniq_menkaure
D:8:      kennysheep_mini_moat
D:10:     dpeg_oklobed_lair, kennysheep_orc_monster_closet_entryway,
          special_room, hangedman_ranch
Temple:   dpeg_five_rooms_temple
Orc:1:    nicolae_volcano_entry_lava_flow, serial_shops, shop,
          nicolae_shop_trees
Orc:2:    st_orc_town, basic_altar, gammafunk_ghost_fury_of_okawaru,
          serial_shops, nicolae_shop_overgrown_old_shop, roderic_batcave
Sewer:    sewer_minmay_treatment

Skill      XL: |  1  2  3  4  5  6  7  8  9 10 11 |
---------------+----------------------------------+-----
Shields        | 3 4 5 6 7 |  7.8
Axes           | 2 3 4 5 7 8 10 11 | 11.0
Armour         | 3 4 5 6 |  6.7
Fighting       | 4 5 6 7 |  7.7
Dodging        | 1 2 |  2.6
Stealth        | 1 2 |  2.1
Long Blades    | |  0.2
Invocations    | |  0.6

Action                   |  1- 3 |  4- 6 |  7- 9 | 10-12 || total
-------------------------+-------+-------+-------+-------++-------
Melee: War axe           |   153 |   102 |   398 |   233 ||   886
       Falchion          |       |       |       |    13 ||    13
Invok: Heroism           |       |       |       |     6 ||     6
  Use: Scroll            |     2 |       |     6 |     2 ||    10
 Stab: Invisible         |       |       |     1 |       ||     1
       Paralysed         |       |       |     1 |       ||     1
  Eat: Chunk             |     2 |     6 |    16 |     8 ||    32
       Ration            |       |       |       |     1 ||     1
Armor: Scale mail        |   111 |       |       |       ||   111
       Plate armour      |       |    72 |   201 |   126 ||   399
Dodge: Dodged            |    25 |     4 |    15 |    27 ||    71
Block: Shield            |    89 |    39 |   107 |       ||   235
       Large shield      |       |       |   156 |   215 ||   371

Table legend:
 A = Non-vault XP
 B = Vault XP
 C = Vault XP percentage of total XP
 D = Non-vault monster count
 E = Vault monster count
 F = Vault count percentage of total count
                 A         B        C        D         E       F
            +---------+---------+-------+---------+---------+-------
      Total |    6063 |    7719 |  56.0 |     185 |     129 |  41.1
            +---------+---------+-------+---------+---------+-------
        D:1 |      52 |       0 |   0.0 |      29 |       0 |   0.0
        D:2 |      57 |       0 |   0.0 |      23 |       0 |   0.0
        D:3 |      63 |      10 |  13.7 |      15 |       5 |  25.0
        D:4 |     557 |       0 |   0.0 |      18 |       0 |   0.0
        D:5 |     617 |      77 |  11.1 |      15 |       7 |  31.8
        D:6 |    1071 |    1401 |  56.7 |      28 |      11 |  28.2
        D:7 |     360 |     184 |  33.8 |       8 |       5 |  38.5
        D:8 |     996 |       0 |   0.0 |      12 |       0 |   0.0
        D:9 |     900 |       0 |   0.0 |      13 |       0 |   0.0
       D:10 |     618 |    5820 |  90.4 |      16 |      53 |  76.8
      Orc:1 |     647 |       0 |   0.0 |       7 |       0 |   0.0
      Orc:2 |     125 |       0 |   0.0 |       1 |       0 |   0.0
      Sewer |       0 |     227 | 100.0 |       0 |      48 | 100.0
            +---------+---------+-------+---------+---------+-------
